 Dungeon Crawl Stone Soup version 0.19.1-1-g22dce08 (webtiles) character file.

408 Dolanko the Slasher (level 6, -2/48 HPs)
             Began as a Draconian Gladiator on Jan 9, 2017.
             Slain by an orc wizard
             ... wielding a +0 dagger
              (5 damage)
             ... on level 4 of the Dungeon.
             The game lasted 00:06:46 (2759 turns).

Dolanko the Slasher (Draconian Gladiator)           Turns: 2759, Time: 00:06:47

Health: -2/48      AC:  7    Str: 16 (17) XL:     6   Next: 57%
Magic:  6/6        EV: 14    Int:  7 (9)  God:
Gold:   67         SH:  0    Dex: 10 (13) Spells: 0 memorised, 5 levels left

rFire  + . .     SeeInvis .     a - +0 long sword
rCold  x . .     Gourm    .     (armour unavailable)
rNeg   . . .     Faith    .     (no shield)
rPois  .         Spirit   .     b - +0 hat
rElec  .         Reflect  .     f - +0 cloak
rCorr  .         Harm     .     (no gloves)
MR     .....                    (no boots)
Stlth  +.........               (no amulet)
                                (no ring)
                                y - ring of fire

@: very slightly contaminated, hasted, very quick
A: unfitting armour, cold-blooded, AC +6
a: no special abilities


You were on level 4 of the Dungeon.
You were not hungry.

You visited 1 branch of the dungeon, and saw 4 of its levels.

You collected 67 gold pieces.

Inventory:

Hand Weapons
 a - a +0 long sword (weapon)
Armour
 b - a +0 hat (worn)
 f - a +0 cloak (worn)
Jewellery
 y - a ring of fire (left hand)
Wands
 t - a wand of hasting (2/9)
Scrolls
 e - 2 scrolls of remove curse {unknown}
 h - 2 scrolls of identify
 j - a scroll of enchant weapon {unknown}
 k - a scroll of enchant armour {unknown}
 m - a scroll of noise {unknown}
 p - a scroll of random uselessness {unknown}
 v - a scroll of fear {unknown}
 w - a scroll of recharging {unknown}
Potions
 r - a potion of flight
Comestibles
 d - 2 bread rations
 g - a chunk of flesh
 i - a slice of pizza
 l - a meat ration
 z - 3 fruits


   Skills:
 - Level 2.1 Fighting
 + Level 5.7 Long Blades
 - Level 1.7 Throwing
 + Level 5.1 Dodging


You had 5 spell levels left.
You didn't know any spells.

Dungeon Overview and Level Annotations

Branches:
Dungeon (4/15)
 Temple: D:4-7

Altars:
Ru
Trog

Shops:
D:4 ?


Innate Abilities, Weirdness & Mutations

Your plain brown scales are hard. (AC +6)
You cannot fit into any form of body armour.
You are cold-blooded and may be slowed by cold attacks.


Message History

The orc hits you with a hand axe!
* * * LOW HITPOINT WARNING * * *
You hit the orc wizard.
The orc wizard is lightly wounded.
The orc wizard hits you but does no damage.
The orc misses you.
You riposte.
You hit the orc.
You tail-slap the orc, but do no damage.
The orc is moderately wounded.
You hit the orc wizard.
Your tail-slap misses the orc wizard.
The orc wizard is moderately wounded.
The orc closely misses you.
You riposte.
You completely miss the orc. You tail-slap the orc.
The orc is severely wounded.
The orc wizard mumbles some strange words.
You closely miss the orc wizard.
Your tail-slap misses the orc wizard.
The orc wizard is moderately wounded.
The orc completely misses you.
You riposte.
You hit the orc.
You kill the orc!
The orc wizard hits you with a dagger.
You die...

#....∩...
#...#.#...
#(.........
#..........
#..........
#.#..........
#.#)o........
#.#@o........ #
#.#.......... #.
#.#..........
##$#............
#....?..........#
#..##.............
#. #.............#
# #.............#
####..........#


You could see an orc wizard and an orc.

Vanquished Creatures
  An ice beast (D:3)
  An orc priest (D:4)
  Crazy Yiuf (D:2)
  An orc wizard (D:3)
  Natasha (thrice) (D:3)
  4 gnolls
  3 adders
  An ooze (D:1)
  4 worms
  2 leopard geckos
  5 orcs
  4 bats
  5 giant cockroaches
  4 goblins
  4 hobgoblins
  11 jackals
  A quokka (D:2)
  A ball python (D:1)
  6 frilled lizards
  4 kobolds
  11 rats
  A fungus (D:2)
78 creatures vanquished.

Notes
Turn   | Place    | Note
-------+----------+-------------------------------------------
     0 | D:1      | Dolanko the Draconian Gladiator began the quest for the Orb.
     0 | D:1      | Reached XP level 1. HP: 17/17 MP: 1/1
   132 | D:1      | Reached XP level 2. HP: 22/24 MP: 2/2
   611 | D:1      | Reached XP level 3. HP: 25/29 MP: 3/3
   924 | D:1      | Reached XP level 4. HP: 31/36 MP: 4/4
  1617 | D:2      | Found a runed door.
  1621 | D:2      | Noticed Crazy Yiuf
  1634 | D:2      | Killed Crazy Yiuf
  1781 | D:3      | Found a sacrificial altar of Ru.
  1840 | D:3      | Reached XP level 5. HP: 38/41 MP: 5/5
  1909 | D:3      | Noticed Natasha
  1921 | D:3      | Killed Natasha
  1987 | D:3      | Noticed Natasha
  2003 | D:3      | Killed Natasha
  2003 | D:3      | Reached skill level 5 in Long Blades
  2091 | D:3      | Noticed Natasha
  2098 | D:3      | Killed Natasha
  2250 | D:3      | Found a bloodstained altar of Trog.
  2288 | D:3      | Reached XP level 6. HP: 40/48 MP: 6/6
  2355 | D:3      | Noticed an ice beast
  2413 | D:3      | Killed an ice beast
  2413 | D:3      | Reached skill level 5 in Dodging
  2747 | D:4      | Found Vodisyck's Magic Scroll Boutique.
  2756 | D:4      | HP: 2/48 [orc/hand axe (7)]
  2759 | D:4      | Slain by an orc wizard

Skill      XL: |  1  2  3  4  5  6 |
---------------+-------------------+-----
Dodging        | 3 4 5 |  5.1
Long Blades    | 4 5 |  5.7
Fighting       | |  2.1
Throwing       | |  1.7

Action                   |  1- 3 |  4- 6 || total
-------------------------+-------+-------++-------
Melee: Long sword        |    93 |   171 ||   264
       Tailslap          |     8 |    32 ||    40
Throw: Throwing net      |     3 |     2 ||     5
Evoke: Wand              |       |     3 ||     3
  Use: Potion            |       |     9 ||     9
       Scroll            |       |     1 ||     1
 Stab: Held in net/web   |     2 |       ||     2
  Eat: Chunk             |       |     7 ||     7
Armor: Skin              |    25 |    54 ||    79
Dodge: Dodged            |    72 |   107 ||   179
       Rpst.: Long sword |    21 |    50 ||    71
